 Dungeon Crawl Stone Soup version 0.31-a0-152-g6aa68a64a1 (webtiles) character file.

Game seed: 1841408163416560958

4 qw the Shooter (level 1, 0/12 HPs)
             Began as a Gargoyle Hunter on June 11, 2023.
             Slain by a jackal (1 damage)
             ... on level 1 of the Dungeon.
             The game lasted 00:00:02 (40 turns).

qw the Shooter (Gargoyle Hunter)                      Turns: 40, Time: 00:00:02

Health: 0/12       AC:  5    Str: 14    XL:     1   Next: 60%
Magic:  1/1        EV: 11    Int:  9    God:
Gold:   0          SH:  0    Dex: 13    Spells: 0/0 levels left

rFire   . . .        a - +0 shortbow
rCold   . . .        (shield currently unavailable)
rNeg    + . .        c - +0 leather armour
rPois   inf          (no helmet)
rElec   +            (no cloak)
rCorr   .            (no gloves)
SInv    .            (no boots)
Will    .....        (no amulet)
Stlth   +            (no ring)
HPRegen 0.22/turn    (no ring)
MPRegen 0.07/turn

%: no passive effects
@: no status effects
A: sickness immunity, AC +2, negative energy resistance 1, electricity
resistance, torment resistance 1, petrification resistance
a: no special abilities


You were on level 1 of the Dungeon.
You visited 1 branch of the dungeon, and saw 1 of its levels.


Innate Abilities, Weirdness & Mutations

You are immune to sickness and miasma.
Your stone body is resilient. (AC +2)
You are immune to poison.
You resist negative energy. (rN+)
You are resistant to electric shocks. (rElec)
You are resistant to unholy torment.
You are immune to petrification.


   Skills:
 - Level 2.1 Fighting
 + Level 4.2 Ranged Weapons
 - Level 1.5 Dodging
 - Level 1.1 Stealth


You couldn't memorise any spells.
You didn't know any spells.
Your spell library was empty.

Inventory:

Hand Weapons
 a - a +0 shortbow (weapon)
Armour
 c - a +0 leather armour (worn)
Scrolls
 b - a scroll of butterflies

Dungeon Overview and Level Annotations

Branches:
Dungeon (1/15)

Altars:


Message History

You shoot an arrow. The arrow closely misses the rat.
You shoot an arrow. The arrow closely misses the rat.
The jackal closely misses you. The rat bites you but does no damage.
The jackal completely misses you.
A jackal comes into view.
You shoot an arrow. The jackal barks!
The arrow hits the rat.
You kill the rat!
The jackal misses you. The jackal closely misses you.
You shoot an arrow.
The arrow barely misses the frilled lizard.
The jackal barely misses you. The frilled lizard bites you.
The jackal bites you.
You shoot an arrow.
The arrow closely misses the frilled lizard.
The jackal barely misses you.
The frilled lizard bites you but does no damage.
You shoot an arrow. The arrow hits the frilled lizard.
You kill the frilled lizard!
The jackal bites you but does no damage.
The jackal bites you. The jackal barely misses you.
You shoot an arrow. The arrow closely misses the jackal.
A bat comes into view.
The jackal bites you. x2; The jackal barely misses you.
The jackal bites you but does no damage.
You shoot an arrow. The arrow closely misses the bat.
The bat barely misses you. The jackal closely misses you. x2
The jackal bites you but does no damage.
You shoot an arrow. The arrow barely misses the bat.
The bat barely misses you. The jackal closely misses you.
The jackal barely misses you. The jackal bites you.
A jackal comes into view.
The bat barely misses you.
You shoot an arrow. The arrow barely misses the bat.
The jackal barks!
The bat hits you. The jackal barely misses you.
The jackal bites you but does no damage.
The jackal bites you.
You die...

~~~¤~~<~~~~~~~#
~¤¤~¤~.~¤~~~~~#....
~¤~.......¤~~~#..h#
~...........~¤#...#
.............~#...##
.............~#....
#..8.###.8..###...#
#...........#g#hh.# .
#####'''#######.@.##.##
#...........##..........
#...........##.b........
###.......###...........
##'''''##.............
........................
.................%.#.###
..######.###.........# #
#.# #####.#.#.#


You could see 3 jackals and a bat.

Vanquished Creatures
  An endoplasm (D:1)
  A hobgoblin (D:1)
  A frilled lizard (D:1)
  A rat (D:1)
4 creatures vanquished.

Notes
Turn   | Place    | Note
-------+----------+-------------------------------------------
     0 | D:1      | qw the Gargoyle Hunter began the quest for the Orb.
     0 | D:1      | Reached XP level 1. HP: 12/12 MP: 1/1
     0 | D:1      | 0 ||| qw: Version: 0.2-a-29-g99eb96e
     0 | D:1      | 0 ||| qw: Game counter: 4083
     0 | D:1      | 0 ||| qw: Always use a shield: true
     0 | D:1      | 0 ||| qw: God list: Okawaru
     0 | D:1      | 0 ||| qw: Allow faded altars: false
     0 | D:1      | 0 ||| qw: Do Orc after D:15 true
     0 | D:1      | 0 ||| qw: Do second Lair branch before Depths: true
     0 | D:1      | 0 ||| qw: Lair rune preference: random
     0 | D:1      | 0 ||| qw: Plans: Normal, Zot:1-4, Slime:5, God:TSO, Crypt,
                  | Tomb, Abyss, Pan, Hells, Win
     0 | D:1      | 0 ||| PLANNING D:1-11
    37 | D:1      | HP: 3/12 [jackal (3)]
    40 | D:1      | HP: 1/12 [bat (1)]
    40 | D:1      | Slain by a jackal

Levels and vault maps discovered:
D:1:      lordsloth_arrival_two_stooges, layout_basic,
          shapermc_ecumenical_altar_mp_ritualfount

Action                     || total
---------------------------++-------
   Fire: Shortbow          ||    17
 Armour: Leather armour    ||     6
  Dodge: Dodged            ||    16

Table legend:
 A = Non-vault XP
 B = Vault XP
 C = Vault XP percentage of total XP
 D = Non-vault monster count
 E = Vault monster count
 F = Vault count percentage of total count
                 A         B        C        D         E       F
            +---------+---------+-------+---------+---------+-------
      Total |       6 |       0 |   0.0 |       4 |       0 |   0.0
            +---------+---------+-------+---------+---------+-------
        D:1 |       6 |       0 |   0.0 |       4 |       0 |   0.0
            +---------+---------+-------+---------+---------+-------
